 Dungeon Crawl Stone Soup version 0.18.1-8-gdd0e5ea (webtiles) character file.

113814 Stormphoenix the Bludgeoner (level 16, -2/151 HPs)
             Began as a Minotaur Fighter on June 10, 2016.
             Was the Champion of Trog.
             Slain by an ettin
             ... wielding a +0 dire flail
              (24 damage)
             ... on level 15 of the Dungeon on June 11, 2016.
             The game lasted 01:20:55 (27562 turns).

Stormphoenix the Bludgeoner (Minotaur Fighter)     Turns: 27562, Time: 01:20:56

Health: -2/151     AC: 25    Str: 31    XL:     16   Next: 14%
Magic:  5/5        EV:  9    Int:  5    God:    Trog [******]
Gold:   1553       SH: 17    Dex: 11    Spells: 0 memorised, 15 levels left

rFire  . . .     SeeInvis .     y - +5 demon whip (antimagic)
rCold  + . .     Gourm    .     P - +0 storm dragon armour
rNeg   + . .     Faith    .     c - +0 shield
rPois  +         Spirit   .     (helmet restricted)
rElec  +         Dismiss  .     n - +0 cloak
rCorr  .         Reflect  +     r - +0 pair of gloves "Ehio" {rN+ Str+4}
SustAt .         Harm     .     B - +2 pair of boots
MR     +++..                    I - +2 amulet of reflection
Stlth  ..........               G - ring of protection from cold
                                d - ring of poison resistance

@: regenerating, extremely resistant to hostile enchantments, extremely
unstealthy
A: retaliatory headbutt, horns 2, shaggy fur 1, wild magic 1
a: Berserk, Trog's Hand, Brothers in Arms, Burn Spellbooks, Renounce Religion


You were on level 15 of the Dungeon.
You worshipped Trog.
Trog was exalted by your worship.
You were not hungry.

You visited 4 branches of the dungeon, and saw 26 of its levels.
You also visited: Labyrinth, Sewer, Ice Cave and Volcano.

You collected 2647 gold pieces.
You spent 1094 gold pieces at shops.

Inventory:

Hand Weapons
 y - a +5 antimagic demon whip (weapon)
Armour
 c - a +0 shield (worn)
 n - a +0 cloak (worn)
 r - the +0 pair of gloves "Ehio" (worn) {rN+ Str+4}
   (You found it in a sewer)

   It affects your strength (+4).
   It protects you from negative energy.
 B - a +2 pair of boots (worn)
 P - a +0 storm dragon armour (worn)
Jewellery
 d - a ring of poison resistance (left hand)
 k - an uncursed ring of see invisible
 v - an uncursed amulet of regeneration
 C - the amulet of Xom's Absentmindedness {Regen+ Int+3}
   (You took it off a minotaur in a labyrinth)

   [amulet of regeneration]

   It affects your intelligence (+3).
   It increases your rate of regeneration.
 G - a ring of protection from cold (right hand)
 I - a +2 amulet of reflection (around neck)
 O - an uncursed ring of flight
Wands
 h - a wand of flame (28/48)
 p - a wand of confusion (12/48)
 x - a wand of iceblast (2/15)
 z - a wand of disintegration (4/24)
 E - a wand of lightning (10/15)
 H - a wand of acid (4/15)
 J - a wand of iceblast (7/15)
 L - a wand of disintegration (13/24)
Scrolls
 e - 8 scrolls of magic mapping
 m - 9 scrolls of teleportation
 q - 2 scrolls of blinking
 s - 5 scrolls of identify
 t - 7 scrolls of recharging
 u - 7 scrolls of remove curse
 A - 2 scrolls of brand weapon
 F - a scroll of enchant armour
Potions
 a - a potion of ambrosia
 b - 2 potions of invisibility
 g - 8 potions of curing
 i - 2 potions of haste
 l - 6 potions of resistance
 D - 2 potions of mutation
 M - 2 potions of brilliance
 N - 4 potions of might
Miscellaneous
 Q - a phantom mirror
Comestibles
 f - 13 bread rations
 j - 7 chunks of flesh
 o - 15 meat rations
 w - 13 beef jerkies
 K - 2 slices of pizza


   Skills:
 + Level 16.3 Fighting
 - Level 18.7 Maces & Flails
 + Level 16.7 Armour
 - Level 16.1 Shields


You had 15 spell levels left.
You didn't know any spells.

Dungeon Overview and Level Annotations

Branches:
Dungeon (15/15)            Temple (1/1) D:5            Lair (8/8) D:11
 Shoals (0/4) Lair:3       Spider (0/4) Lair:3        Slime (0/6) Lair:8
    Orc (2/2) D:9             Elf (0/3) Orc:2        Vaults (0/5) D:13
 Depths (0/5) D:15

Altars:
Ashenzari
Cheibriados
Dithmenos
Elyvilon
Fedhas
Gozag
Kikubaaqudgha
Makhleb
Nemelex Xobeh
Okawaru
Pakellas
Qazlal
Ru
Sif Muna
Trog
Vehumet
Xom
Yredelemnul
Zin
The Shining One
Beogh
Jiyva

Shops:
D:4 (   D:7 !   D:10 (   Orc:2 =[??%(!}

Annotations:
D:12 exclusion: obsidian statue


Innate Abilities, Weirdness & Mutations

You reflexively headbutt those who attack you in melee.
You have a pair of horns on your head.
You are covered in fur (AC +1).
Your spells are a little harder to cast, but a little more powerful.


Message History

You whack the ettin! Your headbutt misses the ettin.
The ettin is moderately wounded.
The ettin hits you with a dire flail!!
* * * LOW HITPOINT WARNING * * *
The ettin hits you with a dire flail!!
* * * LOW HITPOINT WARNING * * *
You whack the ettin!
You headbutt the ettin, but do no damage.
The ettin is heavily wounded.
The deep elf archer shoots an arrow.
You reflect the arrow off an invisible shield around you!
The arrow is repelled.
Unknown command.
Drink which item? (? for menu, Esc to quit)
Okay, then.
Your skin crawls.
You feel resistant to hostile enchantments.
You feel slightly more hungry. The ettin closely misses you.
The ettin hits you with a dire flail!!
You die...

##########≈....†###.#.####
#######≈##.....#'#)#####
≈≈≈§§≈≈###'..<....)..≈##
≈((§§!.##.#+......##.§##
≈e.....('#.#+....#..)≈##
§.#.##e.+#.#+...#..(≈#.
..##.).+#.##.....?≈##
##.....+###≈≈≈≈≈≈≈##
#))@C...##≈#########
≈§§.....:.##.$§##########
#§§..#..(###.$≈##........
§≈§.###.##...)§##..<...#.
#≈). ..# .#.$§##.>..#.).
≈≈ .... .. ≈##..<...#. #
..([ #........ ≈≈≈≈≈
#....#### #...## #


You could see an ettin and a deep elf archer.

Vanquished Creatures
  Maud (Orc:2)
  A fire giant (D:15)
  Louise (D:15)
  The ghost of nikopol the Impaler, a journeyman MiBe of Trog (Lair:7)
  Nessos (Lair:8)
  Azrael (D:13)
  A white draconian (IceCv)
  An ettin (D:14)
  A minotaur (Lab)
  Josephine (Lair:5)
  A vault guard (D:13)
  12 hydras
  6 centaur warriors
  A catoblepas (Lair:8)
  Erica (D:8)
  An ogre mage (Orc:1)
  2 death yaks (Lair:8)
  A queen ant (Lair:4)
  2 tengu warriors (D:13)
  Urug (D:13)
  A hell knight (D:15)
  Sonja (D:13)
  An orc high priest (Orc:2)
  A deep elf knight (Volcano)
  2 fire crabs
  4 unseen horrors
  A giant orange brain (D:15)
  A skeletal warrior (D:15)
  A wizard (D:13)
  A wolf spider zombie (D:15)
  7 hill giants
  A phantasmal warrior (D:15)
  6 deep elf magi
  3 orc knights
  2 orc sorcerers (Orc:2)
  7 manticores
  3 cyclopes (D:15)
  A manticore (shapeshifter) (D:15)
  5 ugly things
  6 black mambas
  7 elephants
  5 griffons
  A black mamba (shapeshifter) (D:12)
  A siren (Lair:3)
  5 gargoyles
  Psyche (D:10)
  An ice statue (IceCv)
  4 centaur skeletons
  8 komodo dragons
  15 spiny frogs
  A rime drake (shapeshifter) (D:13)
  2 kobold demonologists
  7 rime drakes
  A freezing wraith (D:15)
  2 trolls
  19 polar bears
  A wolf spider simulacrum (D:15)
  A jumping spider (Lair:3)
  A merfolk (Lair:3)
  2 slime creatures
  2 boulder beetles
  5 two-headed ogres
  7 blink frogs
  4 redbacks
  2 shadows
  7 wraiths
  A basilisk (shapeshifter) (D:14)
  A fire elemental (D:13)
  A golden eye (shapeshifter) (D:15)
  60 yaks
  2 wyverns
  Grum (D:8)
  A hippogriff (shapeshifter) (D:15)
  8 hippogriffs
  4 basilisks
  3 vampire mosquitoes
  A hungry ghost (D:8)
  3 wargs
  A mottled dragon (D:14)
  6 soldier ants
  16 water moccasins
  4 hell hounds (D:13)
  4 ice beasts
  36 orc warriors
  13 porcupines
  2 sky beasts
  An eye of draining (shapeshifter) (D:14)
  3 wasps
  A black bear (D:10)
  A necrophage (D:12)
  5 phantoms
  21 wolves
  15 ogres
  15 crocodiles
  15 centaurs
  A big kobold (D:11)
  30 giant frogs
  Blork the orc (D:5)
  5 gnoll sergeants (D:9)
  A wyvern skeleton (D:10)
  9 scorpions
  10 killer bees
  An electric eel (D:10)
  9 wights
  4 howler monkeys
  7 crimson imps
  6 lava snakes (Volcano)
  3 gnoll shamans (D:9)
  14 hounds
  A quasit (D:10)
  5 giant frog skeletons
  14 orc priests
  2 jellies
  Crazy Yiuf (D:2)
  Jessica (D:2)
  11 iguanas
  20 orc wizards
  14 worker ants
  Natasha (thrice) (D:2)
  22 sheep
  A hound zombie (D:11)
  2 hound skeletons
  A worker ant zombie (D:6)
  Robin (D:2)
  42 gnolls
  14 adders
  39 river rats
  4 shadow imps
  12 white imps (Lair:5)
  2 adder zombies
  An adder skeleton (D:6)
  5 worms
  2 dart slugs
  7 giant geckos
  86 orcs
  3 ball pythons
  4 giant cockroaches
  13 goblins
  8 hobgoblins
  16 jackals
  9 quokkas
  6 bats
  7 giant newts
  A jackal skeleton (D:4)
  16 kobolds
  6 rats
  A fungus (Lair:1)
  A plant (Lair:4)
955 creatures vanquished.

Vanquished Creatures (others)
  An orc knight (Orc:2)
  A cyclops (D:11)
  3 orc warriors (Orc:2)
  3 centaurs
  4 orcs (Orc:2)
  12 fungi
  6 plants
30 creatures vanquished.

Grand Total: 985 creatures vanquished

Notes
Turn   | Place    | Note
--------------------------------------------------------------
     0 | D:1      | Stormphoenix the Minotaur Fighter began the quest for the Orb.
     0 | D:1      | Reached XP level 1. HP: 19/19 MP: 0/0
   138 | D:1      | Reached skill level 3 in Maces & Flails
   538 | D:1      | Reached XP level 2. HP: 26/26 MP: 1/1
   893 | D:2      | Noticed Natasha
   894 | D:2      | Noticed a crimson imp
   900 | D:2      | Killed Natasha
   900 | D:2      | Reached skill level 4 in Maces & Flails
   900 | D:2      | Reached XP level 3. HP: 31/31 MP: 2/2
   924 | D:2      | Reached skill level 5 in Maces & Flails
   967 | D:2      | Noticed Robin
   983 | D:2      | Killed Robin
   983 | D:2      | Reached XP level 4. HP: 39/39 MP: 3/3
   996 | D:2      | Noticed Natasha
  1010 | D:2      | Killed Natasha
  1046 | D:2      | Reached skill level 6 in Maces & Flails
  1094 | D:2      | Noticed Natasha
  1097 | D:2      | Killed Natasha
  1097 | D:2      | Reached XP level 5. HP: 43/45 MP: 4/4
  1170 | D:2      | Found a faded altar to an unknown god.
  1178 | D:2      | Became a worshipper of Trog the Wrathful
  1178 | D:2      | Reached * piety under Trog
  1280 | D:2      | Noticed Jessica
  1289 | D:2      | Killed Jessica
  1380 | D:2      | Found a sacrificial altar of Ru.
  1461 | D:2      | Reached skill level 7 in Maces & Flails
  1558 | D:2      | Noticed Crazy Yiuf
  1564 | D:2      | Killed Crazy Yiuf
  1776 | D:3      | Reached ** piety under Trog
  1864 | D:3      | Reached XP level 6. HP: 38/51 MP: 5/5
  1981 | D:3      | Found a radiant altar of Vehumet.
  2010 | D:3      | Reached skill level 8 in Maces & Flails
  2149 | D:3      | Found a glowing drain.
  2156 | Sewer    | Entered a sewer
  2174 | Sewer    | Reached *** piety under Trog
  2280 | Sewer    | Got a pair of scorched gloves
  2281 | Sewer    | Identified the cursed +0 pair of gloves "Ehio" {rN+ Str+4} (You found it in a sewer)
  2499 | D:3      | Reached skill level 9 in Maces & Flails
  2600 | D:4      | Reached XP level 7. HP: 54/57 MP: 6/6
  2613 | D:4      | Found a burning altar of Makhleb.
  2614 | D:4      | Noticed a blizzard demon
  2625 | D:4      | Found a glowing silver altar of Zin.
  2626 | D:4      | Noticed an angel
  2791 | D:4      | Reached skill level 10 in Maces & Flails
  2858 | D:4      | Found Dubbi's Weapon Shop.
  3109 | D:4      | Reached skill level 11 in Maces & Flails
  3228 | D:4      | Found a basalt altar of Yredelemnul.
  3229 | D:4      | Found a shattered altar of Ashenzari.
  3392 | D:5      | Entered Level 5 of the Dungeon
  3401 | D:5      | Reached XP level 8. HP: 64/64 MP: 5/7
  3407 | D:5      | Noticed Blork the orc
  3415 | D:5      | Killed Blork the orc
  3576 | D:5      | Found a blossoming altar of Fedhas.
  3631 | D:5      | Reached skill level 12 in Maces & Flails
  3824 | D:5      | Found a staircase to the Ecumenical Temple.
  3843 | Temple   | Entered the Ecumenical Temple
  4034 | D:5      | Found a deep blue altar of Sif Muna.
  4091 | D:5      | Found a snail-covered altar of Cheibriados.
  4193 | D:5      | Found a shattered altar of Ashenzari.
  4417 | D:6      | Reached skill level 13 in Maces & Flails
  4471 | D:6      | Reached **** piety under Trog
  4602 | D:6      | Reached XP level 9. HP: 42/70 MP: 5/8
  4681 | D:6      | Reached skill level 14 in Maces & Flails
  5018 | D:7      | Found Seegrad's Distillery.
  5073 | D:7      | Noticed an eight-headed hydra
  5081 | D:7      | Killed an eight-headed hydra
  5103 | D:7      | Found a shimmering altar of Xom.
  5104 | D:7      | Found a shimmering altar of Xom.
  5104 | D:7      | Found a shimmering altar of Xom.
  5104 | D:7      | Found a shimmering altar of Xom.
  5106 | D:7      | Found a shimmering altar of Xom.
  5190 | D:7      | Noticed a hill giant
  5195 | D:7      | Killed a hill giant
  5901 | D:7      | Found a bloodstained altar of Trog.
  5968 | D:8      | Reached XP level 10. HP: 91/93 MP: 9/9
  5988 | D:8      | Gained mutation: Your muscles are strong. (Str +2) [potion of beneficial mutation]
  6023 | D:8      | Noticed Grum
  6026 | D:8      | Reached skill level 10 in Fighting
  6037 | D:8      | Killed Grum
  6258 | D:8      | Found a snail-covered altar of Cheibriados.
  6480 | D:8      | Noticed Erica
  6493 | D:8      | Killed Erica
  6493 | D:8      | Reached skill level 5 in Shields
  6913 | D:8      | Identified the Almanac of Cankerous Protection
  7185 | D:8      | Reached ***** piety under Trog
  7386 | D:8      | Killed an unseen horror
  8118 | D:9      | Reached skill level 10 in Shields
  8259 | D:9      | Reached XP level 11. HP: 102/102 MP: 10/10
  8333 | D:9      | Received a gift from Trog
  8458 | D:9      | Found a sparkling altar of Nemelex Xobeh.
  8696 | D:9      | Found a staircase to the Orcish Mines.
  8890 | D:10     | Entered Level 10 of the Dungeon
  8890 | D:10     | Found Omikh's Weapon Shop.
  9150 | D:10     | Noticed a centaur warrior
  9157 | D:10     | Killed a centaur warrior
  9157 | D:10     | Reached skill level 15 in Maces & Flails
  9259 | D:10     | Noticed Psyche
  9267 | D:10     | Killed Psyche
  9663 | D:11     | Noticed a white ugly thing
  9669 | D:11     | Killed a white ugly thing
  9669 | D:11     | Reached skill level 16 in Maces & Flails
  9727 | D:11     | Noticed a seven-headed hydra
  9735 | D:11     | Killed a seven-headed hydra
  9957 | D:11     | Noticed a brown ugly thing
  9966 | D:11     | Killed a brown ugly thing
  9974 | D:11     | Reached skill level 17 in Maces & Flails
 10027 | D:11     | Found a staircase to the Lair.
 10038 | D:11     | Received a gift from Trog
 10039 | D:11     | Reached XP level 12. HP: 87/110 MP: 3/11
 10045 | D:11     | Reached ****** piety under Trog
 10579 | D:12     | Reached skill level 18 in Maces & Flails
 10656 | D:12     | Noticed a centaur warrior
 10659 | D:12     | Killed a centaur warrior
 11086 | D:12     | Noticed a centaur warrior
 11095 | D:12     | Killed a centaur warrior
 11744 | Lair:1   | Entered Level 1 of the Lair of Beasts
 12256 | Lair:1   | Got a smoking dagger
 12257 | Lair:1   | Identified the +6 dagger of the Equinox {elec, *Rage rPois rF+ Int+5} (You found it on level 1 of the Lair of Beasts)
 12407 | Lair:1   | Received a gift from Trog
 12915 | Lair:2   | Reached XP level 13. HP: 109/116 MP: 4/12
 13522 | Lair:2   | Reached skill level 15 in Shields
 13765 | Lair:3   | Reached skill level 5 in Armour
 13882 | Lair:3   | Found a hole to the Spider Nest.
 14069 | Lair:3   | Received a gift from Trog
 14255 | Lair:3   | Found a staircase to the Shoals.
 15324 | Lair:5   | Noticed Josephine
 15341 | Lair:5   | Killed Josephine
 15354 | Lair:5   | Reached skill level 10 in Armour
 15597 | Lair:5   | Received a gift from Trog
 15656 | Lair:5   | Found a frozen archway.
 15670 | IceCv    | Entered an ice cave
 15702 | IceCv    | Received a gift from Trog
 16208 | IceCv    | Noticed a white draconian
 16226 | IceCv    | Killed a white draconian
 16245 | IceCv    | Reached XP level 14. HP: 95/124 MP: 4/13
 16708 | Lair:5   | Gained mutation: Your spells are a little harder to cast, but a little more powerful. [potion of beneficial mutation]
 16709 | Lair:5   | Gained mutation: You evolve. [potion of beneficial mutation]
 16964 | Lair:5   | Gained mutation: You are covered in fur (AC +1). [evolution]
 17899 | Lair:7   | Received a gift from Trog
 18739 | Lair:7   | Lost mutation: Your muscles are strong. (Str +2) [potion of cure mutation]
 18739 | Lair:7   | Lost mutation: You evolve. [potion of cure mutation]
 18785 | Lair:7   | Noticed nikopol's ghost (journeyman MiBe)
 18803 | Lair:7   | Killed nikopol's ghost
 19444 | Lair:8   | Entered Level 8 of the Lair of Beasts
 19646 | Lair:8   | Found a viscous altar of Jiyva.
 19655 | Lair:8   | Found a staircase to the Slime Pits.
 19699 | Lair:8   | Received a gift from Trog
 19753 | Lair:8   | Found a dark tunnel.
 19761 | Volcano  | Entered a volcano
 19860 | Volcano  | Found a bloodstained altar of Trog.
 20992 | Lair:8   | Noticed Nessos
 21000 | Lair:8   | Killed Nessos
 21571 | Orc:1    | Entered Level 1 of the Orcish Mines
 21617 | Orc:1    | Reached XP level 15. HP: 135/136 MP: 4/14
 21671 | Orc:1    | Found a roughly hewn altar of Beogh.
 21731 | Orc:1    | Received a gift from Trog
 22034 | Orc:2    | Entered Level 2 of the Orcish Mines
 22034 | Orc:2    | Found Oweopteg's Gadget Boutique.
 22112 | Orc:2    | Found a roughly hewn altar of Beogh.
 22536 | Orc:2    | Found Joabburi's Armour Boutique.
 22536 | Orc:2    | Found Wasokhus's Weapon Emporium.
 22538 | Orc:2    | Found Gotoicue's Magic Scroll Shoppe.
 22540 | Orc:2    | Found Hevvixie's Jewellery Shop.
 22549 | Orc:2    | Bought a scroll of acquirement for 884 gold pieces
 22554 | Orc:2    | Got an encrusted ring mail
 22555 | Orc:2    | Identified the +0 ring mail of Death Resistance {MR+ Dex+3} (You acquired it on level 2 of the Orcish Mines)
 22651 | Orc:2    | Found Intatuif's Antique Weapon Emporium.
 22652 | Orc:2    | Found Sooga's Distillery.
 22653 | Orc:2    | Found Sybod's Food Boutique.
 22658 | Orc:2    | Found a staircase to the Elven Halls.
 22670 | Orc:2    | Found Ythenad's Magic Scroll Shop.
 22709 | Orc:2    | Noticed Maud
 22738 | Orc:2    | Killed Maud
 22743 | Orc:2    | Received a gift from Trog
 23063 | Orc:2    | Bought an uncursed ring of see invisible for 210 gold pieces
 23437 | D:13     | Found a labyrinth entrance.
 23437 | D:13     | Noticed Sonja
 23443 | Lab      | Entered a labyrinth
 23950 | Lab      | Got a wavering copper amulet
 23971 | D:13     | Killed Sonja
 24156 | D:13     | Reached skill level 15 in Armour
 24162 | D:13     | Found a blossoming altar of Fedhas.
 24440 | D:13     | Identified the amulet of Xom's Absentmindedness {Regen+ Int+3} (You took it off a minotaur in a labyrinth)
 24548 | D:13     | Noticed Urug
 24556 | D:13     | Killed Urug
 24739 | D:13     | Noticed Azrael
 24768 | D:13     | Killed Azrael
 25081 | D:13     | Found a gate to the Vaults.
 25311 | D:14     | Reached skill level 15 in Fighting
 26025 | D:14     | Received a gift from Trog
 26141 | D:14     | Got a warped morningstar
 26143 | D:14     | Identified the +2 morningstar of Foul Odors {pain, rPois Str+4 Int+2} (You found it on level 14 of the Dungeon)
 26409 | D:15     | Entered Level 15 of the Dungeon
 26474 | D:15     | Found a sacrificial altar of Ru.
 26475 | D:15     | Found a glowing silver altar of Zin.
 26475 | D:15     | Found a shattered altar of Ashenzari.
 26647 | D:15     | Noticed Louise
 26663 | D:15     | Killed Louise
 26665 | D:15     | Found a staircase to the Depths.
 27378 | D:15     | Reached XP level 16. HP: 151/151 MP: 5/15
 27562 | D:15     | Slain by an ettin

Skill      XL: |  1  2  3  4  5  6  7  8  9 10 11 12 13 14 15 16 |
---------------+-------------------------------------------------+-----
Maces & Flails | 3 4 5 6 7 9 11 13 14 17 18 | 18.7
Fighting       | 9 11 13 15 16 | 16.3
Shields        | 10 14 15 16 | 16.1
Armour         | 12 13 16 | 16.7

Action                   |  1- 3 |  4- 6 |  7- 9 | 10-12 | 13-15 | 16-18 || total
-------------------------+-------+-------+-------+-------+-------+-------++-------
Melee: Flail             |    70 |   252 |   290 |   293 |       |       ||   905
       Headbutt          |    13 |    38 |    66 |   198 |   504 |    24 ||   843
       Morningstar       |       |       |       |   487 |    98 |       ||   585
       Demon whip        |       |       |       |       |  1653 |    69 ||  1722
Invok: Berserk           |       |     1 |     2 |     1 |     2 |       ||     6
       Burn Spellbooks   |       |     1 |       |     4 |     5 |       ||    10
       Trog's Hand       |       |       |       |       |       |     1 ||     1
Evoke: Wand              |       |       |     2 |       |       |       ||     2
  Use: Scroll            |     6 |     5 |     3 |    14 |    15 |       ||    43
       Potion            |     1 |     4 |     4 |     3 |     7 |       ||    19
  Eat: Chunk             |       |     5 |     8 |    11 |    35 |     1 ||    60
       Bread ration      |       |     1 |       |     3 |       |       ||     4
       Fruit             |       |       |     1 |     3 |    13 |       ||    17
       Pizza             |       |       |     1 |       |       |       ||     1
       Royal jelly       |       |       |       |       |     1 |       ||     1
Armor: Scale mail        |    28 |    79 |    55 |       |       |       ||   162
       Plate armour      |       |       |    18 |   314 |   409 |       ||   741
       Storm dragon armo |       |       |       |       |   104 |    15 ||   119
Dodge: Dodged            |    20 |    90 |    68 |   191 |   249 |    12 ||   630
Block: Shield            |    39 |   127 |   122 |   535 |  1005 |    31 ||  1859
       Reflection        |       |       |       |    18 |    81 |     4 ||   103
